AoeStats
← Hicox

Black Forest

509513452Analyzed
4v4 RM · 6d ago on Sep 27, 2026· 27m 14s· 8 players
Game mode
Random Map
Map size
Large (8 player)
Population
200
Speed
Normal
Resources
Standard
Victory
Conquest
Starting age
Dark Age
Ending age
Imperial Age
RankedLock teamsTeams togetherTeam positionsShared explorationLock speedFull tech treeHidden civsTurbo modeCheats
Victory
Defeat
🇦🇷 Persians · Argentina
1141
+13
🇦🇷 Portuguese · Argentina
1128
+14
🇧🇷 Khmer · Brazil
1118
+14
🇦🇷 Hindustanis · Argentina
1048
+17
🇻🇳 Japanese · Vietnam
1095
-15
🇨🇳 Georgians · China
1093
-15
🇨🇳 Bohemians · China
1091
-15
🇺🇸 Teutons · United States
1040
-13
root
0:56 Loom
13:39 Feudal Age
14:42 Double-Bit Axe
20:41 Castle Age
18:39 Horse Collar
19:54 Stone Mining
22:57 Bow Saw
22:49 Heavy Plow
24:54 Wheelbarrow
26:13 Redemption
Maggie Q
0:29 Loom
15:45 Feudal Age
22:36 Castle Age
Elvise177
1:16 Loom
10:56 Feudal Age
12:25 Double-Bit Axe
12:22 Horse Collar
17:27 Castle Age
18:54 Bow Saw
18:47 Heavy Plow
24:59 Gold Mining
Công An Xã
0:56 Loom
12:02 Feudal Age
13:45 Double-Bit Axe
17:39 Castle Age
15:41 Horse Collar
Mortadela
2:56 Loom
11:32 Feudal Age
17:40 Castle Age
15:37 Double-Bit Axe
15:34 Horse Collar
18:50 Bow Saw
18:42 Heavy Plow
VkA | Alphalone-
11:48 Loom
13:35 Feudal Age
19:37 Castle Age
17:27 Double-Bit Axe
21:05 Bow Saw
24:42 Gold Mining
Pablo
15:20 Feudal Age
20:27 Castle Age
19:42 Double-Bit Axe
19:39 Horse Collar
Hicox
6:12 Loom
11:51 Feudal Age
15:09 Scale Mail Armor
15:20 Forging
17:32 Castle Age
15:54 Horse Collar
16:41 Double-Bit Axe
17:18 Town Watch
18:40 Chain Mail Armor
19:29 Gold Mining
Connection lost

Rejoining the realm…

Still unreachable

The connection could not be restored.

Session expired

The server has moved on; the page needs a fresh start.